 Dungeon Crawl Stone Soup version 0.20.1-1-g8b1a95d (webtiles) character file.

79 Amaterasu the Digger (level 4, -1/24 HPs)
             Began as a Gargoyle Earth Elementalist on Jan 4, 2018.
             Killed by divine providence
             ... invoked by an orc priest
              (12 damage)
             ... on level 3 of the Dungeon.
             The game lasted 00:04:55 (1219 turns).

Amaterasu the Digger (Gargoyle Earth Elementalist)  Turns: 1219, Time: 00:04:56

Health: -1/24      AC:  8    Str: 12    XL:     4   Next: 37%
Magic:  3/7        EV: 12    Int: 16    God:
Gold:   79         SH:  0    Dex: 10    Spells: 3/7 levels left

rFire    . . .     SeeInvis .   g - +2 dagger (speed)
rCold    . . .     Gourm    .   (no shield)
rNeg     + . .     Faith    .   c - +0 robe
rPois    ∞         Spirit   .   p - +0 helmet
rElec    +         Reflect  .   (no cloak)
rCorr    .         Harm     +   (no gloves)
MR       .....                  s - +1 pair of boots
Stlth    ++........             k - amulet of harm
Regen    0.1/turn               (no ring)
MPRegen  0.1/turn               (no ring)

@: no status effects
A: negative energy resistance 1, electricity resistance, unbreathing,
petrification resistance, rot immunity, AC +3
a: no special abilities


You were on level 3 of the Dungeon.
You were hungry.

You visited 1 branch of the dungeon, and saw 3 of its levels.

You collected 79 gold pieces.

Inventory:

Hand Weapons
 g - a +2 dagger of speed (weapon)
Missiles
 b - 78 stones (quivered)
Armour
 c - a +0 robe (worn)
 p - a +0 helmet (worn)
 s - a +1 pair of boots (worn)
Jewellery
 k - an amulet of harm (around neck)
Scrolls
 o - a scroll of recharging
 r - a scroll of remove curse
Potions
 i - a potion of curing {unknown}
 j - a potion of agility
 m - 2 potions of degeneration
 t - a potion of mutation {unknown}
Books
 e - a book of Geomancy

   Spells                             Type                      Level
   a - Sandblast                      Earth                        1
   b - Passwall                       Transmutation/Earth          2
   c - Stone Arrow                    Conjuration/Earth            3
   d - Petrify                        Transmutation/Earth          4
   e - Lee's Rapid Deconstruction     Earth                        5
Comestibles
 d - 2 bread rations
 h - 3 meat rations
 l - a royal jelly


   Skills:
 - Level 1.5 Dodging
 - Level 2.1 Stealth
 - Level 2.0 Spellcasting
   Level 0.7 Transmutations
 + Level 6.1 Earth Magic


You had 3 spell levels left.
You knew the following spells:

 Your Spells              Type           Power        Failure   Level  Hunger
a - Sandblast             Erth           ###...       1%          1    #......
b - Stone Arrow           Conj/Erth      ##....       19%         3    ###....


Dungeon Overview and Level Annotations

Branches:
Dungeon (3/15)

Altars:
Dithmenos
Fedhas
Kikubaaqudgha


Innate Abilities, Weirdness & Mutations

You are resistant to torment.
Your stone body is resilient. (AC +3)
You are immune to poison.
You resist negative energy. (rN+)
You are resistant to electric shocks. (rElec)
You can survive without breathing.
You are immune to petrification.
You are immune to rotting.


Message History

Aiming: Sandblast
Press: ? - help, Shift-Dir - straight line, f - orc priest
Aim: an orc priest, wielding a short sword (hasn't noticed you)
The blast of sand misses the orc priest.
b - 79 stones The orc priest shouts!
You hear a shout!
The orc priest calls down the wrath of Beogh upon you.
Beogh smites you!
Ouch! That really hurt!
Casting: Sandblast
Confirm with . or Enter, or press ? or * to list all spells.
Aiming: Sandblast
Press: ? - help, Shift-Dir - straight line, f/p - orc priest
Aim: an orc priest, wielding a short sword The blast of sand misses the orc priest.
b - 78 stones The orc priest calls down the wrath of Beogh upon you.
Beogh smites you!
Ouch! That really hurt!
You die...

...# #.<...###.# #.#
###.#..##.# #.#
#.##.##.# #.# #.##.##.#
#.# #.##.##.#
#.######o##.##.#
#########.##...#[##.#..#
...........o).#.##.#.##
#..###..@#.....o.#.#
#......###.....##.#
#..##..###..##.##.#
#..###..#..###.##.#
###..##.....##..##.#
#..................#
#...##.........##...#
#..# ##..._...####.##
.....##.........##..#


You could see an orc priest.

Vanquished Creatures
  Jessica (D:2)
  2 oozes (D:1)
  A dart slug (D:2)
  4 leopard geckos
  2 orcs (D:3)
  A giant cockroach (D:2)
  5 goblins
  4 hobgoblins
  4 bats
  5 frilled lizards
  2 kobolds
  9 rats
40 creatures vanquished.

Notes
Turn   | Place    | Note
-------+----------+-------------------------------------------
     0 | D:1      | Amaterasu the Gargoyle Earth Elementalist began the quest for the Orb.
     0 | D:1      | Reached XP level 1. HP: 10/10 MP: 3/3
    68 | D:1      | Reached skill level 4 in Earth Magic
    68 | D:1      | Reached XP level 2. HP: 15/15 MP: 0/5
   266 | D:1      | Reached XP level 3. HP: 19/19 MP: 1/6
   311 | D:1      | Reached skill level 5 in Earth Magic
   400 | D:1      | Learned a level 3 spell: Stone Arrow
   676 | D:2      | Noticed Jessica
   679 | D:2      | Killed Jessica
   679 | D:2      | Reached XP level 4. HP: 24/24 MP: 4/7
   950 | D:2      | Found an ancient bone altar of Kikubaaqudgha.
   953 | D:2      | Found a blossoming altar of Fedhas.
  1076 | D:3      | Reached skill level 6 in Earth Magic
  1104 | D:3      | Found a shadowy altar of Dithmenos.
  1219 | D:3      | Killed from afar by an orc priest

Skill      XL: |  1  2  3  4 |
---------------+-------------+-----
Earth Magic    | 4 5 6 |  6.1
Dodging        | |  1.5
Stealth        | |  2.1
Spellcasting   | |  2.0
Transmutations | |  0.7

Action                   |  1- 3 |  4- 6 || total
-------------------------+-------+-------++-------
Melee: Dagger            |    26 |     7 ||    33
 Cast: Sandblast         |    23 |    19 ||    42
  Use: Scroll            |     5 |     6 ||    11
 Stab: Sleeping          |       |     1 ||     1
  Eat: Chunk             |       |     1 ||     1
Armor: Robe              |     9 |     3 ||    12
Dodge: Dodged            |    21 |     3 ||    24
